 Dungeon Crawl Stone Soup version 0.17.1-2-g5865329 (webtiles) character file.

112 JustSomeDude the Skirmisher (level 4, 0/36 HPs)
             Began as a Demonspawn Fighter on Jan 17, 2016.
             Succumbed to poison (a potion of poison)
             ... in a sewer.
             The game lasted 00:04:36 (1652 turns).

JustSomeDude the Skirmisher (Demonspawn Fighter)    Turns: 1652, Time: 00:04:36

Health: 0/36       AC:  6    Str: 18    XL:     4   Next: 64%
Magic:  4/4        EV:  7    Int: 14    God:
Gold:   111        SH:  9    Dex: 12    Spells: 0 memorised, 3 levels left

rFire  . . .     SeeInvis .     a - +0 war axe
rCold  . . .     Clarity  .     b - +0 scale mail
rNeg   . . .     SustAt   .     c - +0 shield
rPois  .         Gourm    .     (helmet restricted)
rElec  .         Spirit   .     (no cloak)
rCorr  .         Warding  .     (no gloves)
rMut   .         Stasis   .     (no boots)
MR     .....                    (no amulet)
Stlth  ..........               (no ring)
                                (no ring)

@: brilliant, lethally poisoned (0 -> -6), not resistant to hostile
enchantments, extremely unstealthy
A: claws 1, horns 1, mutation resistance 1
a: no special abilities


You were in a sewer.
You were hungry.

You visited 1 branch of the dungeon, and saw 4 of its levels.
You also visited: Sewer.

You collected 111 gold pieces.

Inventory:

Hand Weapons
 a - a +0 war axe (weapon)
Missiles
 t - 10 tomahawks (quivered)
Armour
 b - a +0 scale mail (worn)
 c - a +0 shield (worn)
Jewellery
 p - an uncursed ring of protection from cold {unknown}
 x - a cursed ring of sustain attributes {unknown}
Scrolls
 f - 6 scrolls of identify {unknown}
 g - a scroll of recharging {unknown}
 l - a scroll of noise {unknown}
 n - a scroll of enchant weapon {unknown}
 o - 4 scrolls of random uselessness {unknown}
 s - a scroll of remove curse {unknown}
 v - a scroll of amnesia {unknown}
 w - a scroll of magic mapping {unknown}
Comestibles
 e - 2 bread rations
 i - 4 meat rations
 j - a slice of pizza


   Skills:
 + Level 3.6 Fighting
 + Level 2.5 Axes
 + Level 3.2 Armour
 + Level 1.3 Dodging
 + Level 0.4 Stealth
 + Level 3.2 Shields


You had 3 spell levels left.
You didn't know any spells.

Dungeon Overview and Level Annotations

Branches:
Dungeon (4/15)
 Temple: D:4-7

Altars:
Kikubaaqudgha


Innate Abilities, Weirdness & Mutations

You have sharp fingernails.
You have a pair of small horns on your head.
You are somewhat resistant to further mutation.


Message History

You block the ball python's attack. x3
* * * LOW HITPOINT WARNING * * *
You feel sick. The ball python barely misses you.
The ball python closely misses you. You block the ball python's attack.
The ball python barely misses you.
A ball python comes into view.
* * * LOW HITPOINT WARNING * * *
You feel sick. You block the ball python's attack. The ball python grabs you.
The ball python constricts you.
Your attempt to break free from the ball python fails, but you feel that another attempt might succeed.
* * * LOW HITPOINT WARNING * * *
You feel sick.
The ball python bites you but does no damage.
* * * LOW HITPOINT WARNING * * *
The ball python constricts you.
You escape the ball python's grasp.
Unknown command.
You enter the shallow water.
Moving in this stuff is going to be slow.
You die...

≈≈ ≈≈≈ ≈≈≈## ≈≈≈..#
≈≈≈≈≈≈# ≈≈≈≈≈≈.
≈≈≈≈≈≈≈### ≈≈≈≈≈≈≈@.#
#### ≈≈≈≈≈≈≈≈.###∩∩##
≈≈≈≈≈≈≈≈≈S.≈≈≈≈###
≈≈≈≈≈≈≈≈≈≈≈≈≈≈≈≈≈#
≈≈≈≈≈≈≈≈≈≈≈≈≈≈≈≈≈S≈≈
≈≈≈≈≈≈≈≈≈≈≈≈≈≈≈≈≈≈≈≈≈
≈≈≈≈≈≈≈≈≈≈≈≈≈≈≈≈≈≈≈≈≈
≈≈≈≈≈≈≈≈≈≈≈≈≈≈≈≈≈≈≈≈≈
##≈≈≈≈≈≈≈≈≈≈≈≈≈≈≈≈≈≈


You could see a ball python.

Vanquished Creatures
  A river rat (D:3)
  5 adders
  2 worms (D:3)
  3 giant geckos
  4 orcs (D:3)
  A ball python (D:1)
  4 giant cockroaches
  6 goblins
  3 hobgoblins
  3 jackals (D:3)
  2 kobolds (D:1)
  3 quokkas
  3 bats
  3 giant newts
  2 rats
45 creatures vanquished.

Notes
Turn   | Place    | Note
--------------------------------------------------------------
     0 | D:1      | JustSomeDude the Demonspawn Fighter began the quest for the Orb.
     0 | D:1      | Reached XP level 1. HP: 18/18 MP: 1/1
   349 | D:1      | Gained mutation: You have a pair of small horns on your head. [demonic ancestry]
   349 | D:1      | Reached XP level 2. HP: 9/24 MP: 2/2
   993 | D:2      | You fall through a shaft for 2 floors!
  1055 | D:4      | Gained mutation: You have sharp fingernails. [demonic ancestry]
  1055 | D:4      | Reached XP level 3. HP: 15/29 MP: 3/3
  1363 | D:3      | Reached skill level 1 in Dodging
  1523 | D:3      | Reached XP level 4. HP: 24/35 MP: 4/4
  1544 | D:3      | Found an ancient bone altar of Kikubaaqudgha.
  1604 | D:3      | HP: 1/35 [river rat (7)]
  1611 | D:3      | Gained mutation: You are somewhat resistant to further mutation. [potion of mutation]
  1627 | D:3      | HP: 1/36 [adder (4)]
  1640 | D:3      | Found a glowing drain.
  1644 | Sewer    | Entered a sewer
  1650 | Sewer    | HP: 1/36 [ball python (1)]
  1652 | Sewer    | Succumbed to poison (a potion of poison)

Action                   |  1- 3 |  4- 6 || total
-------------------------+-------+-------++-------
Melee: War axe           |   101 |    44 ||   145
  Use: Potion            |       |     8 ||     8
  Eat: Chunk             |     2 |       ||     2
